General information
- name: BNet
- type: Ladder team game (AT/RT)
- host: Battle.net
- saver: GreedoftheNoob
map: GnollWood
- players: 4
- length: 07:05
- speed: Fast
- version: 1.21 W3XP
- replay type: Public
» download(31 KB)
Players
team 1 (winner)
GreedoftheNoob (
orange | 67 APM | 474 actions | 07:05)
2 Archmage
1 Summon Water Elemental
1 Brilliance Aura
» actions
| Assign group hotkey | 13 | |
| Basic commands | 13 | |
| Build / train | 30 | |
| ESC pressed | 2 | |
| Enter build submenu | 21 | |
| Enter hero's abilities submenu | 2 | |
| Right click | 169 | |
| Select / deselect | 178 | |
| Select group hotkey | 12 | |
| Use ability | 34 | |
474 total
» units
» upgrades
» buildings
| Altar of Kings | 1 | |
| Farm | 4 | |
| Barracks | 1 | |
| Lumber Mill | 1 | |
| Scout Tower | 10 | |
| Guard Tower | 6 | |
| Arcane Vault | 1 | |
| Town Hall | 1 | |
25 total
» build order
00:08 Altar of Kings
00:18 Farm
00:20 Farm
00:35 Barracks
01:59 Lumber Mill
02:36 Farm
03:04 Scout Tower
03:05 Scout Tower
03:07 Scout Tower
03:13 Scout Tower
03:34 Guard Tower
03:38 Guard Tower
03:40 Scout Tower
03:43 Scout Tower
03:49 Guard Tower
04:13 Guard Tower
04:23 Guard Tower
04:36 Arcane Vault
05:03 Scout Tower
05:05 Scout Tower
05:28 Town Hall
06:14 Farm
06:47 Guard Tower
07:02 Scout Tower
07:03 Scout Tower
» items
| Scroll of Regeneration | 1 | |
| Dust of Appearance | 1 | |
2 total
green-t (
blue | 66 APM | 464 actions | 07:04)
2 Blademaster
1 Wind Walk
1 Critical Strike
1 Shadow Hunter
1 Hex
» actions
| Assign group hotkey | 15 | |
| Build / train | 25 | |
| Enter build submenu | 9 | |
| Enter hero's abilities submenu | 3 | |
| Right click | 260 | |
| Select / deselect | 96 | |
| Select group hotkey | 36 | |
| Use ability | 20 | |
464 total
» units
» upgrades
| Pillage | 1 | |
| Berserker Strength | 1 | |
| Ensnare | 1 | |
3 total
» buildings
| Altar of Storms | 1 | |
| Orc Burrow | 3 | |
| Barracks | 2 | |
| Stronghold | 1 | |
| Voodoo Lounge | 1 | |
| War Mill | 1 | |
| Beastiary | 1 | |
10 total
» build order
00:06 Altar of Storms
00:18 Orc Burrow
00:38 Barracks
01:29 Orc Burrow
02:36 Stronghold
03:50 Orc Burrow
03:55 Barracks
03:56 Voodoo Lounge
04:37 War Mill
05:12 Beastiary
team 2 (loser)
BarackObama (
purple | 55 APM | 390 actions | 07:03)
1 Warden
1 Fan of Knives
» actions
| Assign group hotkey | 2 | |
| Basic commands | 1 | |
| Build / train | 15 | |
| ESC pressed | 1 | |
| Enter build submenu | 17 | |
| Enter hero's abilities submenu | 1 | |
| Right click | 196 | |
| Select / deselect | 102 | |
| Select group hotkey | 23 | |
| Use ability | 32 | |
390 total
» units
» upgrades
» buildings
| Altar of Elders | 1 | |
| Moon Well | 11 | |
| Hunter's Hall | 1 | |
| Ancient of War | 1 | |
14 total
» build order
00:12 Altar of Elders
00:38 Moon Well
00:52 Moon Well
01:51 Moon Well
02:42 Hunter's Hall
02:47 Ancient of War
02:53 Moon Well
04:37 Moon Well
04:39 Moon Well
04:43 Moon Well
04:46 Moon Well
04:53 Moon Well
04:58 Moon Well
05:59 Moon Well
HillaryClinton (
yellow | 53 APM | 369 actions | 07:01)
1 Warden
1 Fan of Knives
» actions
| Assign group hotkey | 1 | |
| Basic commands | 1 | |
| Build / train | 21 | |
| Enter build submenu | 15 | |
| Enter hero's abilities submenu | 1 | |
| Remove unit from queue | 2 | |
| Right click | 178 | |
| Select / deselect | 119 | |
| Select group hotkey | 1 | |
| Use ability | 30 | |
369 total
» units
» buildings
| Altar of Elders | 1 | |
| Moon Well | 11 | |
| Ancient of War | 1 | |
| Ancient of Wonders | 2 | |
15 total
» build order
00:07 Altar of Elders
00:11 Moon Well
01:01 Ancient of War
02:07 Moon Well
02:16 Moon Well
04:08 Moon Well
04:34 Moon Well
05:10 Moon Well
05:14 Moon Well
05:21 Moon Well
05:32 Ancient of Wonders
05:50 Ancient of Wonders
05:58 Moon Well
06:08 Moon Well
06:18 Moon Well
Chat log
(00:03 / All) GreedoftheNoob: lol?
(00:12 / All) GreedoftheNoob: pron paul
(00:19 / Allies) green-t: lol
(00:22 / Allies) green-t: the internet is so funny man
(00:28 / Allies) green-t: and this gmae is perfect btw
(00:29 / All) GreedoftheNoob: gl hf
(00:32 / Allies) green-t: this and ts
(00:34 / Allies) green-t: are perfect games
(00:39 / Allies) GreedoftheNoob: anyway so
(00:40 / Allies) green-t: nh
(00:41 / Allies) green-t: nah
(00:42 / Allies) green-t: ts was a fluke toh
(00:44 / Allies) green-t: tho
(00:48 / Allies) green-t: ts wasnt SUPPOSED to be good
(00:57 / Allies) green-t: the people who made the game
(00:59 / Allies) GreedoftheNoob: what was i saying
(01:02 / Allies) green-t: never expected people to get as good as they did
(01:03 / Allies) green-t: i dont know man
(01:04 / Allies) GreedoftheNoob: once yeah
(01:06 / Allies) green-t: im going off on a fucking tangent
(01:07 / Allies) GreedoftheNoob: so we infed them
(01:25 / Allies) GreedoftheNoob: we should towr
(01:30 / Allies) green-t: sure
(01:37 / Allies) GreedoftheNoob: and like
(01:41 / Allies) GreedoftheNoob: mot dced
(01:45 / Allies) GreedoftheNoob: just as he was about to send 2 disr
(01:47 / Allies) GreedoftheNoob: to azos
(01:51 / Allies) GreedoftheNoob: i had engs on the way to sub
(02:05 / Allies) green-t: they didnt give you wash?
(02:08 / Allies) GreedoftheNoob: i didnt ask
(02:10 / Allies) GreedoftheNoob: i just killed them both
(02:14 / Allies) green-t: lol
(02:18 / Allies) green-t: gg
(02:44 / Allies) GreedoftheNoob: i got +0
(02:46 / Allies) GreedoftheNoob: they got -
(02:47 / Allies) GreedoftheNoob: lol
(02:50 / Allies) green-t: lol
(03:23 / All) GreedoftheNoob: and the campaign is off to a bad start
(03:31 / Allies) green-t: LOL
(04:01 / Allies) green-t: you know whats sick
(04:02 / Allies) green-t: with a tower rush
(04:05 / Allies) green-t: when orc brings peons
(04:05 / Allies) GreedoftheNoob: hex
(04:07 / Allies) GreedoftheNoob: yes
(04:07 / Allies) green-t: and builds sho
(04:09 / Allies) green-t: shop
(04:52 / All) green-t: gg
(05:32 / All) BarackObama: this aint over to the fat bitch sings
(05:42 / All) GreedoftheNoob: that's no way to talk about the former first lady
(05:43 / All) green-t: there is no fat bitch in wc
(05:54 / Allies) green-t: lol
(05:54 / All) BarackObama: quit making political jokes
(05:57 / All) BarackObama: your fucking retarded
(06:04 / Allies) green-t: lol
(06:05 / All) GreedoftheNoob: :(
(06:06 / Allies) green-t: tihs is so funny
(06:16 / All) GreedoftheNoob: FARMS
(06:17 / All) GreedoftheNoob: IM THINKING
(06:22 / All) GreedoftheNoob: IS THIS HT NEW ABUSE IN PATCH ONE POINT TEN